 Dungeon Crawl Stone Soup version 0.30-a0-778-g2ef04afb54 (webtiles) character file.

Game seed: 17401886065019333988

235080 RepoMan the Spry (level 19, -1/103 HPs)
             Began as a Spriggan Necromancer on Feb 13, 2023.
             Was a High Priest of Cheibriados.
             Slain by the 26-headed Lernaean hydra (11 damage)
             ... on level 4 of the Swamp on Feb 15, 2023.
             The game lasted 07:09:20 (44549 turns).

RepoMan the Spry (Spriggan Necromancer)            Turns: 44549, Time: 07:09:20

Health: -1/103     AC: 12    Str: 15    XL:     19   Next: 24%
Magic:  1/33       EV: 41    Int: 29    God:    Cheibriados [*****.]
Gold:   3437       SH: 15    Dex: 33    Spells: 4/37 levels left

rFire   + . .      SeeInvis +    f - +0 long sword (flame)
rCold   + . .      Faith    .    H - +2 buckler {reflect}
rNeg    . . .      Spirit   .    j - +0 swamp dragon scales
rPois   +          Reflect  +    (helmet restricted)
rElec   .          Harm     .    N - scarf {rC+ rF+}
rCorr   .          Rampage  .    (gloves unavailable)
Will    +++..                    (boots unavailable)
Stlth   +++++                    A - amulet of reflection
HPRegen 0.37/turn                s - +4 ring of protection
MPRegen 0.23/turn                W - ring of flight

@: lethally poisoned (-1 -> -2), death channelling, flying, studying Ranged
Weapons, very slow
A: very small, no large weapons, unfitting armour, see invisible, speed 3
a: Renounce Religion, Bend Time, Temporal Distortion, Slouch, Step From Time


You were on level 4 of the Swamp.
You worshipped Cheibriados.
Cheibriados was extremely pleased with you.
You visited 7 branches of the dungeon, and saw 34 of its levels.
You also visited: Gauntlet.

You collected 4016 gold pieces.
You spent 579 gold pieces at shops.

Inventory:

Hand Weapons
 c - the +0 long sword of Meager Defence {heavy, rC+ rN+}
   (You took it off a deep elf elementalist on level 3 of the Elven Halls)

   rC:        It protects you from cold.
   rN:        It protects you from negative energy.
 d - the +6 dagger "Afin" {protect, rPois rF+}
   (You took it off a deep elf death mage on level 3 of the Elven Halls)

   rF:        It protects you from fire.
   rPois:     It protects you from poison.
 f - a +0 long sword of flaming (weapon)
 w - a +5 falchion of electrocution
Missiles
 h - 6 curare-tipped darts
 o - 29 poisoned darts
 D - a throwing net
Armour
 j - +0 swamp dragon scales (worn)
 H - a +2 buckler of reflection (worn)
 M - +0 acid dragon scales
 N - a scarf of resistance (worn)
 X - a +0 troll leather armour
Jewellery
 l - the ring "Voafang" {rPois rF- rN+++ Will+ Stlth-}
   (You took it off a deep elf zephyrmancer on level 3 of the Elven Halls)

   [ring of poison resistance]

   rF:        It makes you vulnerable to fire.
   rPois:     It protects you from poison.
   rN:        It renders you almost immune to negative energy.
   Will:      It increases your willpower.
   Stlth:     It makes you less stealthy.
 s - a +4 ring of protection (left hand)
 y - a +4 ring of protection
 A - an amulet of reflection (around neck)
 F - a ring of resist corrosion
 V - a +6 ring of dexterity
 W - a ring of flight (right hand)
Wands
 e - a wand of digging (3)
 u - a wand of paralysis (3)
 P - a wand of light (5)
 Q - a wand of flame (22)
 U - a wand of roots (46)
Scrolls
 b - 2 scrolls of immolation
 g - 9 scrolls of magic mapping
 k - 6 scrolls of teleportation
 n - 4 scrolls of fog
 q - 2 scrolls of identify
 t - 7 scrolls of enchant armour
 v - 3 scrolls of poison
 x - 2 scrolls of vulnerability
 z - 3 scrolls of amnesia
 B - a scroll of torment
 G - a scroll of brand weapon
 K - 3 scrolls of fear
 L - 4 scrolls of enchant weapon
Potions
 a - 3 potions of cancellation
 m - 5 potions of lignification
 p - 4 potions of ambrosia
 I - 7 potions of mutation
 J - 2 potions of heal wounds
 O - 7 potions of brilliance
 R - a potion of berserk rage
 S - a potion of might
 Y - 6 potions of curing
 Z - 4 potions of flight
Miscellaneous
 i - a tin of tremorstones (2/2)
 r - a phantom mirror (inert)
 C - a lightning rod (4/4)
 E - a box of beasts
 T - a condenser vane


   Skills:
 + Level 12.9 Fighting
 - Level 9.9(14.7) Short Blades
 - Level 13.6(14.4) Long Blades
 - Level 3.3 Armour
 + Level 19.3 Dodging
 - Level 9.9 Stealth
 - Level 5.5 Shields
 - Level 9.9 Spellcasting
 - Level 4.4 Hexes
 - Level 13.3 Necromancy
 - Level 4.4 Translocations
 - Level 3.3 Transmutations
 - Level 1.1 Earth Magic
 + Level 12.1 Invocations
 - Level 3.3 Evocations


You had 4 spell levels left.
You knew the following spells:

 Your Spells              Type           Power      Damage    Failure   Level
b - Blink                 Tloc           78%        N/A       3%          2
c - Death Channel         Necr           37%        N/A       9%          6
d - Vampiric Draining     Necr           75%        2d11      1%          3
g - Apportation           Tloc           78%        N/A       2%          1
l - Lesser Beckoning      Tloc           78%        N/A       3%          2
n - Necrotise             Necr           100%       1d9       1%          1
r - Animate Dead          Necr           75%        N/A       1%          4
t - Confusing Touch       Hex            39%        N/A       7%          3
u - Dispel Undead         Necr           75%        3d25      1%          4
w - Wereblood             Tmut           33%        N/A       5%          2
x - Borgnjor's Vile Clut  Necr/Erth      27%        N/A       19%         5

Your spell library contained the following spells:

 Spells                   Type           Power      Damage    Failure   Level
 Slow                     Hex            100%       N/A       2%          1
 Beastly Appendage        Tmut           66%        N/A       3%          1
 Anguish                  Hex/Necr       30%        N/A       3%          4
 Sting                    Tmut/Pois      92%        1d7       7%          1
 Tukima's Dance           Hex            39%        N/A       7%          3
 Ensorcelled Hibernation  Hex/Ice        54%        N/A       9%          2
 Momentum Strike          Conj/Tloc      54%        3d9       9%          2
 Dazzling Flash           Conj/Hex       54%        N/A       16%         3
 Inner Flame              Hex/Fire       27%        N/A       16%         3
 Summon Guardian Golem    Hex/Summ       27%        N/A       16%         3
 Poisonous Vapours        Pois/Air       28%        N/A       21%         2
 Spider Form              Tmut/Pois      23%        N/A       21%         3
 Hailstorm                Conj/Ice       14%        3d5       38%         3
 Mephitic Cloud           Conj/Pois/Air  14%        N/A       38%         3
 Leda's Liquefaction      Hex/Erth       15%        N/A       41%         4
 Airstrike                Air            7%         2d(1-17)  80%         4
 Flame Wave               Conj/Fire      14%        2d6       80%         4
 Olgreb's Toxic Radiance  Pois           14%        N/A       80%         4
 Sticky Flame             Conj/Fire      14%        2d4       80%         4
 Summon Lightning Spire   Summ/Air       14%        N/A       80%         4
 Agony                    Necr           75%        N/A       1%          5
 Silence                  Hex/Air        13%        N/A       83%         5
 Alistair's Intoxication  Tmut/Pois      15%        N/A       88%         5
 Fireball                 Conj/Fire      7%         3d5       98%         5
 Lightning Bolt           Conj/Air       7%         1d19      98%         5
 Borgnjor's Revivificati  Necr           37%        N/A       98%         8
 Orb of Destruction       Conj           7%         9d6       100%        7
 Spellforged Servitor     Conj/Summ      7%         N/A       100%        7
 Necromutation            Tmut/Necr      29%        N/A       100%        8
 Death's Door             Necr           37%        N/A       100%        9


Dungeon Overview and Level Annotations

Branches:
Dungeon (15/15)            Temple (1/1) D:7            Lair (5/5) D:8
  Swamp (4/4) Lair:2        Snake (4/4) Lair:2        Slime (0/5) Lair:5
    Orc (2/2) D:10            Elf (3/3) Orc:2        Vaults (0/5) D:14
 Depths (0/4) D:15        Gauntlet (visited)

Altars:
Ashenzari
Cheibriados
Dithmenos
Elyvilon
Fedhas
Gozag
Hepliaklqana
Kikubaaqudgha
Makhleb
Nemelex Xobeh
Okawaru
Qazlal
Ru
Sif Muna
Trog
Uskayaw
Vehumet
Wu Jian
Xom
Yredelemnul
Zin
The Shining One
Jiyva

Shops:
D:11 *[!   Orc:2 [([[   Elf:2 =

Annotations:
Lair:1 exclusion: 2 oklob plants
Swamp:1 exclusion: downstairs
Swamp:3 exclusion: thorn hunter, Aizul
Swamp:4 Lernaean hydra
Snake:3 2 transporters, dricus's ghost, adept MiBe
Elf:2 3 runed translucent doors


Innate Abilities, Weirdness & Mutations

You are very small and have problems with some larger weapons.
You are too small for most types of armour.
You have supernaturally acute eyesight. (SInv)
You cover ground extremely quickly. (Speed+++)


Message History

The four-headed hydra bites you.
A five-headed hydra comes into view.
The six-headed hydra misses you.
The six-headed hydra completely misses you. x3
The six-headed hydra bites you but does no damage.
The six-headed hydra completely misses you.
Your spectral five-headed hydra barely misses the eight-headed hydra.
Your spectral five-headed hydra bites the eight-headed hydra.
Your spectral five-headed hydra completely misses the eight-headed hydra.
Your spectral five-headed hydra barely misses the eight-headed hydra.
Your spectral five-headed hydra bites the eight-headed hydra!
The eight-headed hydra dies!
Cheibriados thoroughly appreciates the change of pace.
A glowing mist starts to gather...
Your spectral swamp dragon bites the swamp dragon!
The swamp dragon dies!
Cheibriados thoroughly appreciates the change of pace.
You hear a splash.
A glowing mist starts to gather...
The 26-headed Lernaean hydra completely misses you.
You block the 26-headed Lernaean hydra's attack. x2
The 26-headed Lernaean hydra bites you!
The 26-headed Lernaean hydra completely misses you. x2
The 26-headed Lernaean hydra misses you.
The 26-headed Lernaean hydra bites you but does no damage. x2
The 26-headed Lernaean hydra bites you!
* * * LOW HITPOINT WARNING * * *
The 26-headed Lernaean hydra misses you.
The 26-headed Lernaean hydra bites you.
* * * LOW HITPOINT WARNING * * *
The 26-headed Lernaean hydra bites you!
* * * LOW HITPOINT WARNING * * *
The 26-headed Lernaean hydra bites you.
* * * LOW HITPOINT WARNING * * *
The 26-headed Lernaean hydra misses you.
The 26-headed Lernaean hydra bites you.
* * * LOW HITPOINT WARNING * * *
You block the 26-headed Lernaean hydra's attack.
The 26-headed Lernaean hydra bites you!
You die...

~≈≈~#§ ..§..≈ ♣♣♣♣♣♣♣
#~≈... ♣♣♣♣♣.~~~~♣
.#≈#.~. ♣~♣♣§~~~§.♣ ♣
~.≈k
≈~~≈..~≈##♣♣~#..~~~~§♣
♣ . ..≈#≈≈#≈~.§#≈
♣§~§~~~~~§.♣♣♣ .~
.≈≈≈~≈≈...≈#
♣~~~~~~~~~~.♣. ≈≈$
.≈#.≈~≈.D@#
♣..~~~~.~~~~.~
#~.≈#§≈D#≈#DDD#
♣♣♣♣~~~~.~~~~~ ≈
....~.?†D.Z≈##
♣♣§~§.~~~~~
§~.~#≈.≈≈≈#ZZ~≈#
♣♣♣♣♣♣.~~~~
#.≈.~.~~†~ZZZ≈#
♣♣~.♣♣♣.~.~~
#≈.≈.~≈≈≈#~.#≈##
♣...~~..~...
#≈≈~≈~≈##~†.†≈#
♣~~~~~~~~~.~ #≈~≈#≈≈
##†.~≈# ♣ ♣~~~§~§~~~.(
##≈ ### #..§##≈♣
♣♣~~~~~~~.§♣


You could see the 26-headed Lernaean hydra (ally target), 2 six-headed hydras, a
five-headed hydra, a four-headed hydra, a swamp dragon, a friendly spectral
eight-headed hydra, a friendly spectral five-headed hydra and 4 friendly
spectral swamp dragons.

Vanquished Creatures
  2 tentacled monstrosities (Swamp:3)
  2 deep elf master archers (Elf:3)
  2 deep elf blademasters (Elf:3)
  Agnes (D:15)
  3 nagarajas
  4 deep elf sorcerers
  3 deep elf elementalists (Elf:3)
  4 eleionomae
  4 deep elf annihilators
  5 bunyips
  4 deep elf demonologists (Elf:3)
  4 dire elephants (Lair:5)
  A minotaur (Gauntlet)
  4 deep elf death magi (Elf:3)
  A blizzard demon (Gauntlet)
  A shambling mangrove (Swamp:4)
  2 deep elf high priests (Elf:3)
  10 hydras
  3 vault guards (D:14)
  A centaur warrior (Orc:1)
  3 salamander tyrants (Snake:2)
  2 spriggan air magi (Swamp:3)
  8 alligators
  A ghost crab (Swamp:1)
  5 two-headed ogres
  15 anacondas
  2 boulder beetles
  13 dancing weapons
  2 tengu warriors
  The ghost of zx48k the Blocker, a novice GnFi of Cheibriados (D:9)
  12 naga warriors
  12 shock serpents
  A spriggan berserker (Swamp:4)
  Urug (Lair:4)
  9 spriggans
  4 naga sharpshooters
  9 death yaks
  16 deep elf knights
  A fire crab (D:8)
  A spectral anaconda (Lair:5)
  A salamander mystic (Snake:4)
  2 spectral death yaks (Lair:5)
  5 swamp dragons
  2 spriggan druids
  6 naga ritualists
  8 goliath frogs
  A sea snake (shapeshifter) (D:14)
  2 glowing orange brains (Gauntlet)
  3 bog bodies
  A deep troll (D:15)
  2 orc knights
  An obsidian statue (Lair:5)
  20 deep elf pyromancers
  A lindwurm (Lair:4)
  4 deep elf archers
  A harpy (shapeshifter) (D:14)
  16 deep elf zephyrmancers
  14 mana vipers
  5 necromancers
  9 ugly things
  2 manticores (D:13)
  8 salamanders
  2 will-o-the-wisps
  3 cyclopes
  9 slime creatures
  25 elephants
  3 spectral centaurs (D:9)
  2 guardian serpents (Snake:2)
  45 black mambas
  9 naga magi
  9 cane toads
  A gargoyle (D:14)
  A dire elephant skeleton (Lair:5)
  A rime drake (Lair:2)
  2 freezing wraiths (D:14)
  2 unseen horrors (D:10)
  3 ice devils (Lair:4)
  6 komodo dragons
  3 tengu conjurers
  5 trolls
  A bloated husk (Swamp:1)
  3 polar bears (Lair:4)
  14 hornets
  11 blink frogs
  9 tyrant leeches
  5 dream sheep (Lair:4)
  A spectral elephant (Lair:5)
  A centaur simulacrum (D:14)
  A jumping spider (shapeshifter) (Elf:3)
  A black mamba zombie (Snake:4)
  A shadow (D:12)
  A dire elephant simulacrum (Lair:4)
  4 water elementals
  4 wyverns
  2 wraiths
  2 fire bats (Lair:5)
  A death yak simulacrum (Lair:5)
  A fire elemental (Elf:3)
  15 vampire mosquitoes
  A steam dragon (D:8)
  52 yaks
  11 swamp worms
  3 wargs
  32 nagas
  5 acid dragons
  9 water moccasins
  2 swamp drakes (Swamp:4)
  A water moccasin (shapeshifter) (D:14)
  3 elephant zombies (Lair:5)
  37 orc warriors
  A black bear (D:6)
  11 centaurs
  4 boggarts (D:15)
  12 ogres
  9 wolves
  3 phantoms
  2 kobold brigands
  3 necrophages
  3 scorpions
  11 bullfrogs
  3 earth elementals
  A gnoll sergeant (D:11)
  A cane toad simulacrum (Lair:5)
  20 wights
  2 elephant simulacra
  3 howler monkeys
  An electric eel (Lair:2)
  5 hounds
  14 orc priests
  2 gnoll boudas
  A jelly (D:5)
  5 iguanas
  18 orc wizards
  A spriggan simulacrum (Lair:4)
  2 hell rats (Lair:5)
  A naga zombie (Snake:2)
  3 adders
  23 gnolls
  A naga simulacrum (Lair:4)
  2 white imps
  2 ufetubi
  3 worms
  2 dart slugs
  62 orcs
  8 endoplasms
  5 hobgoblins
  3 jackals
  6 quokkas
  8 ball pythons
  2 bats (D:2)
  A frilled lizard (D:1)
  6 goblins
  9 kobolds
  4 rats
947 creatures vanquished.

Vanquished Creatures (collateral kills)
  An orc warlord (Orc:1)
  A deep elf demonologist (Elf:3)
  3 bunyips
  2 deep elf death magi (Elf:3)
  An ettin (D:15)
  7 hydras
  2 anacondas
  2 naga warriors
  An alligator (Swamp:1)
  3 naga sharpshooters
  A tengu warrior (D:14)
  A salamander mystic (Snake:1)
  3 goliath frogs
  4 naga ritualists
  3 deep elf archers
  A swamp dragon (Swamp:4)
  2 ugly things (D:14)
  3 deep elf pyromancers
  A mana viper (Snake:4)
  A will-o-the-wisp (Swamp:2)
  A salamander (Snake:2)
  13 black mambas
  A guardian serpent (Snake:1)
  4 naga magi
  A torpor snail (Lair:3)
  6 elephants
  3 cane toads
  Maggie (D:9)
  2 rime drakes
  2 komodo dragons
  A tyrant leech (Swamp:2)
  A hornet (Swamp:4)
  2 polar bears
  2 dream sheep (Lair:4)
  5 blink frogs
  A shadow (D:10)
  2 spriggans
  18 yaks
  8 vampire mosquitoes
  A warg (Orc:2)
  12 nagas
  5 swamp worms
  3 water moccasins
  An orc warrior (Orc:2)
  A swamp drake (Swamp:4)
  A centaur (Orc:1)
  3 wolves
  2 ogres
  3 bullfrogs
  A gnoll sergeant (D:9)
  2 orc priests
  2 orc wizards
  3 hell rats (Lair:5)
  A polar bear simulacrum (Lair:4)
  2 gnolls
  2 dart slugs
  8 orcs
  2 ball pythons (D:4)
  An endoplasm (Lair:5)
  A frilled lizard (D:1)
  A goblin (D:4)
  2 kobolds (D:8)
  A rat (D:1)
178 creatures vanquished.

Vanquished Creatures (others)
  2 anaconda zombies
  A bunyip zombie (Swamp:2)
  3 goliath frog zombies
  4 ugly thing zombies (D:14)
  A deep elf zephyrmancer (Elf:3)
  A shock serpent zombie (Snake:3)
  3 swamp worm zombies
  4 mana viper zombies
  2 hydra zombies
  4 bloated husks
  A tyrant leech (Swamp:1)
  A guardian serpent zombie (Snake:1)
  An alligator zombie (Swamp:1)
  12 black mamba zombies
  24 elf zombies
  2 slime creature zombies (D:14)
  A tengu zombie (D:14)
  A human zombie (D:15)
  A swamp drake (Swamp:4)
  3 hornet zombies (Swamp:4)
  An orc warrior (Orc:2)
  7 elephant zombies
  2 blink frog zombies
  A rime drake zombie (Lair:4)
  A vampire mosquito zombie (D:11)
  2 salamander zombies
  A komodo dragon zombie (Lair:1)
  25 naga zombies
  A warg zombie (Orc:2)
  A polar bear zombie (Lair:4)
  17 yak zombies
  6 wolf zombies
  A bullfrog zombie (Lair:1)
  2 centaur zombies
  4 ogre zombies (Orc:2)
  2 gnoll zombies (D:11)
  17 orc zombies
  An orc (Orc:2)
  18 demonic plants (Gauntlet)
  6 foxfires (Swamp:2)
  29 fungi
  36 plants
  20 withered plants (Lair:5)
273 creatures vanquished.

Grand Total: 1398 creatures vanquished

Notes
Turn   | Place    | Note
-------+----------+-------------------------------------------
     0 | D:1      | RepoMan the Spriggan Necromancer began the quest for the
                  | Orb.
     0 | D:1      | Reached XP level 1. HP: 9/9 MP: 5/5
   221 | D:1      | Reached XP level 2. HP: 13/13 MP: 4/6
   494 | D:1      | Reached skill level 3 in Dodging
   649 | D:1      | Learned a level 1 spell: Apportation
   652 | D:1      | Learned a level 2 spell: Blink
  1088 | D:2      | Reached XP level 3. HP: 16/16 MP: 8/8
  1539 | D:2      | Reached skill level 1 in Short Blades
  1539 | D:2      | Reached XP level 4. HP: 21/21 MP: 2/9
  1677 | D:2      | Found a faded altar of an unknown god.
  2588 | D:3      | Reached XP level 5. HP: 24/24 MP: 10/10
  2655 | D:3      | Learned a level 3 spell: Vampiric Draining
  3353 | D:4      | Reached skill level 5 in Stealth
  3426 | D:4      | Noticed an ogre
  3449 | D:4      | Killed an ogre
  3450 | D:4      | Reached skill level 4 in Dodging
  3450 | D:4      | Reached XP level 6. HP: 28/28 MP: 11/11
  3513 | D:4      | Upgraded the game from 0.30-a0-776-g08fbeb92c1 to
                  | 0.30-a0-777-ga9a30cbeda
  3663 | D:4      | Identified the +1 chain mail of the Feeding Gods {rF- rN+
                  | rCorr Slay+3}
  3723 | D:4      | Reached skill level 5 in Necromancy
  3913 | D:4      | Reached XP level 7. HP: 32/32 MP: 12/12
  4138 | D:4      | Reached skill level 5 in Short Blades
  4390 | D:4      | Reached skill level 5 in Dodging
  4898 | D:5      | Entered Level 5 of the Dungeon
  5162 | D:5      | Reached XP level 8. HP: 36/36 MP: 13/13
  5828 | D:5      | Reached skill level 6 in Dodging
  5904 | D:5      | Found a shimmering altar of Xom.
  5989 | D:5      | Found an opulent altar of Gozag.
  6295 | D:6      | Found a blossoming altar of Fedhas.
  6544 | D:6      | Reached skill level 1 in Fighting
  6880 | D:6      | Reached skill level 7 in Dodging
  6880 | D:6      | Reached XP level 9. HP: 42/42 MP: 14/14
  8009 | D:7      | Noticed a troll
  8076 | D:7      | Killed a troll
  8165 | D:7      | Found a staircase to the Ecumenical Temple.
  8230 | D:7      | Reached skill level 8 in Dodging
  8682 | Temple   | Entered the Ecumenical Temple
  8682 | Temple   | Found a transporter.
  8682 | Temple   | Found a transporter.
  8684 | Temple   | Found a transporter.
  8684 | Temple   | Found a transporter.
  8705 | Temple   | Became a worshipper of Cheibriados the Contemplative
  8771 | D:8      | Found a staircase to the Lair.
  8772 | D:8      | Noticed a fire crab
  8998 | D:8      | Reached skill level 1 in Translocations
  9232 | D:8      | Identified the +1 buckler of Caabotan {Will- Int+7 SInv
                  | Stlth+}
  9728 | D:9      | Reached XP level 10. HP: 46/49 MP: 15/15
 10081 | D:9      | Noticed Maggie
 10095 | D:9      | Killed Maggie
 10096 | D:9      | Reached skill level 9 in Dodging
 10211 | D:9      | Learned a level 4 spell: Animate Dead
 10417 | D:9      | Found a runed translucent gate.
 10419 | D:9      | Found a runed translucent gate.
 10420 | D:9      | Found a runed translucent gate.
 10421 | D:9      | Noticed a spectral centaur warrior
 10423 | D:9      | Noticed zx48k's ghost (novice GnFi)
 10424 | D:9      | Noticed a spectral centaur warrior
 10424 | D:9      | Noticed a spectral centaur warrior
 10485 | D:8      | Reached skill level 1 in Long Blades
 11401 | D:9      | Reached skill level 10 in Dodging
 11547 | D:9      | Learned a level 2 spell: Lesser Beckoning
 11566 | D:10     | Entered Level 10 of the Dungeon
 11619 | D:10     | Reached skill level 5 in Fighting
 11734 | D:10     | Reached XP level 11. HP: 47/56 MP: 16/16
 11925 | D:10     | Found a staircase to the Orcish Mines.
 12596 | D:8      | Killed a fire crab
 12601 | Lair:1   | Entered Level 1 of the Lair of Beasts
 12801 | Lair:1   | Reached skill level 11 in Dodging
 13179 | Lair:1   | Reached * piety under Cheibriados
 13509 | Lair:1   | Found a blossoming altar of Fedhas.
 13511 | Lair:1   | Noticed an oklob plant
 13511 | Lair:1   | Noticed an oklob plant
 13795 | Lair:2   | Reached skill level 12 in Dodging
 13830 | Lair:2   | Reached skill level 5 in Long Blades
 13927 | Lair:2   | Reached XP level 12. HP: 56/62 MP: 6/17
 14232 | Lair:2   | Found a staircase to the Swamp.
 14347 | Lair:2   | Reached ** piety under Cheibriados
 14697 | Lair:2   | Reached skill level 13 in Dodging
 15032 | Lair:2   | Found a staircase to the Snake Pit.
 15413 | Lair:3   | Reached skill level 10 in Necromancy
 15737 | Lair:3   | Reached *** piety under Cheibriados
 15809 | Lair:3   | Got the Folio of Ill Luck
 15818 | Lair:3   | Learned a level 3 spell: Confusing Touch
 15848 | Lair:3   | You fall into a shaft and drop 2 floors!
 15848 | Lair:5   | Entered Level 5 of the Lair of Beasts
 15848 | Lair:5   | Noticed a death yak
 15848 | Lair:5   | Noticed a death yak
 15848 | Lair:5   | Noticed a death yak
 15848 | Lair:5   | Noticed a death yak
 15848 | Lair:5   | Noticed a death yak
 15848 | Lair:5   | Noticed a death yak
 15850 | Lair:5   | Noticed a death yak
 15850 | Lair:5   | Noticed a death yak
 15850 | Lair:5   | Noticed a death yak
 15856 | Lair:4   | Noticed Urug
 16417 | Lair:4   | Reached skill level 1 in Hexes
 16510 | Lair:4   | Killed Urug
 16519 | Lair:4   | Reached XP level 13. HP: 59/68 MP: 15/18
 17182 | Lair:4   | Reached **** piety under Cheibriados
 18163 | Lair:4   | Reached ***** piety under Cheibriados
 18288 | Lair:5   | Found a white marble altar of Elyvilon.
 18308 | Lair:5   | Reached skill level 1 in Invocations
 19161 | Lair:4   | Reached XP level 14. HP: 75/75 MP: 11/19
 19562 | Lair:4   | Reached skill level 10 in Long Blades
 19701 | Lair:5   | Reached skill level 14 in Dodging
 19732 | Lair:5   | Found a viscous altar of Jiyva.
 19732 | Lair:5   | Found a staircase to the Slime Pits.
 20209 | Orc:1    | Entered Level 1 of the Orcish Mines
 20715 | Orc:1    | Found a radiant altar of Vehumet.
 20900 | Orc:2    | Entered Level 2 of the Orcish Mines
 20959 | Orc:2    | Found a staircase to the Elven Halls.
 20989 | Orc:2    | Reached ****** piety under Cheibriados
 21005 | Orc:2    | Noticed an orc warlord
 21031 | Orc:1    | Killed an orc warlord
 23063 | Orc:2    | Found Qoagh's Antique Weapon Shop.
 23063 | Orc:2    | Found Hemyop's Antique Armour Shoppe.
 23065 | Orc:2    | Found Kyciheaj's Antique Armour Emporium.
 23067 | Orc:2    | Found Tixzypol's Armour Boutique.
 23875 | D:11     | Reached skill level 5 in Invocations
 23962 | D:11     | Found Fywan's Antique Armour Shoppe.
 23987 | D:11     | Found Tykon's Assorted Antiques.
 23990 | D:11     | Bought a scroll labelled HUHIZEASCHE for 21 gold pieces
 23990 | D:11     | Bought a glowing buckler for 157 gold pieces
 23990 | D:11     | Bought a fuming yellow potion for 18 gold pieces
 23990 | D:11     | Bought a scroll of identify for 42 gold pieces
 24119 | D:11     | Found Kixof's Distillery.
 24127 | D:11     | Bought a potion of curing for 33 gold pieces
 24127 | D:11     | Bought a potion of lignification for 33 gold pieces
 24127 | D:11     | Bought a potion of cancellation for 88 gold pieces
 24127 | D:11     | Bought a potion of curing for 33 gold pieces
 24127 | D:11     | Bought a potion of curing for 33 gold pieces
 24127 | D:11     | Bought a potion of curing for 33 gold pieces
 24127 | D:11     | Bought a potion of mutation for 88 gold pieces
 24603 | D:12     | Reached skill level 1 in Shields
 24802 | D:13     | Found a gate leading to a gauntlet.
 24811 | Gauntlet | Entered a Gauntlet
 24811 | Gauntlet | Found a transporter.
 24811 | Gauntlet | Found a transporter.
 24816 | Gauntlet | Found a transporter.
 24832 | Gauntlet | Found a transporter.
 24834 | Gauntlet | Found a large runed translucent door.
 24834 | Gauntlet | Found a large runed translucent door.
 24835 | Gauntlet | Found a large runed translucent door.
 24835 | Gauntlet | Found a large runed translucent door.
 24836 | Gauntlet | Found a large runed translucent door.
 24836 | Gauntlet | Found a large runed translucent door.
 24836 | Gauntlet | Found a runed translucent door.
 24836 | Gauntlet | Found a runed translucent door.
 24836 | Gauntlet | Found a large runed translucent door.
 24837 | Gauntlet | Found a large runed translucent door.
 24837 | Gauntlet | Found a large runed translucent door.
 24838 | Gauntlet | Found a large runed translucent door.
 24843 | Gauntlet | Found a large runed translucent door.
 24843 | Gauntlet | Found a large runed translucent door.
 24844 | Gauntlet | Found a large runed translucent door.
 24844 | Gauntlet | Found a large runed translucent door.
 24844 | Gauntlet | Found a large runed translucent door.
 24844 | Gauntlet | Found a large runed translucent door.
 24848 | Gauntlet | Found a runed translucent gate.
 24848 | Gauntlet | Found a runed translucent gate.
 24848 | Gauntlet | Found a runed translucent gate.
 24850 | Gauntlet | Found a transporter.
 24850 | Gauntlet | Found the +2 cloak of the Thief {*Fog Slay-2 SInv Stlth+}
 24863 | Gauntlet | Found a transporter.
 24944 | Gauntlet | Found a transporter.
 24956 | Gauntlet | Found a transporter.
 24964 | Gauntlet | Found a transporter.
 24964 | Gauntlet | Found a transporter.
 24968 | Gauntlet | Noticed a quicksilver ooze
 24988 | Gauntlet | Found a transporter.
 24991 | Gauntlet | Found a transporter.
 25004 | Gauntlet | Found a transporter.
 25011 | Gauntlet | Found a transporter.
 25046 | Gauntlet | Found a transporter.
 25063 | Gauntlet | Found a transporter.
 25254 | Gauntlet | Identified the +0 cloak "Ecom" {MP+9 Dex+2}
 25258 | Gauntlet | Identified the +1 scale mail "Ossa" {rF+ rC+}
 25296 | Gauntlet | Identified the +1 pair of gloves of Ynuoput {rF+}
 25364 | Gauntlet | Identified the +5 scale mail of Ofriestaos {rC+ Str-5
                  | Stlth+}
 25878 | D:13     | Reached skill level 15 in Dodging
 26349 | D:14     | Upgraded the game from 0.30-a0-777-ga9a30cbeda to
                  | 0.30-a0-778-g2ef04afb54
 26409 | D:14     | Reached XP level 15. HP: 80/80 MP: 19/20
 26554 | D:14     | Reached skill level 10 in Fighting
 26785 | D:14     | Found a gate to the Vaults.
 27328 | D:15     | Entered Level 15 of the Dungeon
 27421 | D:15     | Noticed Agnes
 27442 | D:15     | Killed Agnes
 27554 | D:15     | Found a staircase to the Depths.
 28415 | D:15     | Found a stormy altar of Qazlal.
 28741 | D:9      | Killed zx48k's ghost
 29188 | Lair:5   | Got Hooluiru's Directory of Tectonic Resurrection
 29195 | Lair:5   | Learned a level 4 spell: Dispel Undead
 29921 | Swamp:1  | Entered Level 1 of the Swamp
 29987 | Swamp:1  | Reached skill level 16 in Dodging
 30024 | Swamp:1  | Reached skill level 5 in Shields
 30051 | Swamp:1  | Reached XP level 16. HP: 46/86 MP: 15/23
 30483 | Swamp:1  | Reached skill level 1 in Armour
 31948 | Swamp:3  | Noticed a thorn hunter
 32282 | Swamp:3  | Reached skill level 1 in Evocations
 32551 | Swamp:3  | Noticed a tentacled monstrosity
 32551 | Swamp:3  | Noticed a tentacled monstrosity
 32562 | Swamp:3  | Killed a tentacled monstrosity
 32916 | Swamp:3  | Killed a tentacled monstrosity
 33285 | Swamp:3  | Noticed Aizul
 33316 | Swamp:3  | Identified the amulet "Degenyom" {Faith rN+ SInv}
 33536 | Snake:1  | Entered Level 1 of the Snake Pit
 33565 | Snake:1  | Identified the +2 war axe of the Viper {speed, rF+}
 33582 | Snake:1  | Got the Spellbook of Damage
 34181 | Snake:1  | Reached skill level 5 in Spellcasting
 34808 | Snake:1  | Reached XP level 17. HP: 91/91 MP: 26/26
 34855 | Snake:2  | Reached skill level 17 in Dodging
 35095 | Snake:2  | Learned a level 5 spell: Borgnjor's Vile Clutch
 35543 | Snake:2  | Reached skill level 1 in Earth Magic
 36844 | Snake:2  | Reached skill level 10 in Invocations
 37933 | Snake:3  | Found a white marble altar of Elyvilon.
 38091 | Snake:3  | Found a transporter.
 38106 | Snake:3  | Found a transporter.
 38203 | Snake:3  | Noticed dricus's ghost (adept MiBe)
 38289 | Snake:3  | Found a bloodstained altar of Trog.
 38543 | Snake:4  | Entered Level 4 of the Snake Pit
 38980 | Snake:4  | Reached skill level 18 in Dodging
 39082 | Snake:4  | Reached XP level 18. HP: 42/98 MP: 7/31
 39754 | Snake:3  | Learned a level 6 spell: Death Channel
 39901 | Elf:1    | Entered Level 1 of the Elven Halls
 40877 | Elf:2    | Found Cecove's Jewellery Shoppe.
 41041 | Elf:2    | Found a shimmering blue altar of Sif Muna.
 41381 | Elf:2    | Found a runed translucent gate.
 41388 | Elf:2    | Found a runed translucent gate.
 41388 | Elf:2    | Found a runed translucent gate.
 41659 | Elf:3    | Entered Level 3 of the Elven Halls
 42080 | Elf:3    | Noticed a Tzitzimitl
 42082 | Elf:3    | Noticed a Tzitzimitl
 42151 | Elf:3    | Identified the ring "Voafang" {rPois rF- rN+++ Will+
                  | Stlth-}
 42593 | Elf:3    | Identified the +6 dagger "Afin" {protect, rPois rF+}
 42601 | Elf:3    | Identified the +0 long sword of Meager Defence {heavy, rC+
                  | rN+}
 42624 | Elf:3    | Noticed an Ice Fiend
 42846 | Elf:3    | Identified the amulet "Esmaxait" {Spirit Str+3}
 42895 | Elf:3    | Identified the +6 scale mail of Irecvorr {Harm rC+ Str+3}
 42982 | Elf:3    | Identified the +2 chain mail of the Bulwark {Slay+3}
 42991 | Elf:3    | Reached skill level 19 in Dodging
 43117 | Elf:3    | Reached XP level 19. HP: 81/103 MP: 15/33
 43430 | Elf:3    | Learned a level 2 spell: Wereblood
 43444 | Elf:3    | Identified the +0 chain mail "Qawuwy" {rF- Will+ rCorr
                  | Int+4}
 43965 | Swamp:4  | Entered Level 4 of the Swamp
 43981 | Swamp:4  | Reached skill level 1 in Transmutations
 44481 | Swamp:4  | Identified the +6 war axe of Responsibility {heavy, rC-
                  | rCorr Int+7 Dex+2}
 44530 | Swamp:4  | Noticed the 27-headed Lernaean hydra
 44549 | Swamp:4  | Slain by the 26-headed Lernaean hydra

Illustrated notes

Levels and vault maps discovered:
D:1:      giann_forest_graveyard, layout_loops_ring, minmay_misc_feat_doors
D:2:      layout_basic, basic_ecumenical_altar
D:3:      layout_basic, serial_aquarium, aquarium_bridge_square
          [aquarium_subvault_wall, aquarium_subvault_bridge,
          aquarium_subvault_wall, aquarium_subvault_wall],
          aquarium_bridge_straight [aquarium_subvault_bridge,
          aquarium_subvault_window, aquarium_subvault_bridge,
          aquarium_subvault_balcony], aquarium_window_double, aquarium_window_1,
          aquarium_view_2c, aquarium_view_2f, aquarium_pool_side,
          nicolae_grassy_gnolls
D:4:      layout_basic, hex_tiny, minmay_joined_circles
D:5:      layout_basic, tgw_xom, kennysheep_little_box
D:6:      layout_basic, fedhas_altar_4
D:7:      layout_loops_ring, minmay_temple_entry_tees
D:8:      layout_loops_corners, minmay_lair_entry_lava, david_defended_altar_orc
D:9:      layout_gridville, gammafunk_ghost_necromancy, uniq_maggie
D:10:     layout_roguey, minmay_orc_entry_temple_small, minmay_misc_feat_iff,
          kennysheep_decorative_pillar
D:11:     layout_long_grid, serial_shops, nicolae_shop_trees, shop,
          kennysheep_mini
D:12:     nicolae_BIG_FREAKIN_CUBE, layout_basic
D:13:     layout_basic, gauntlet_entry_generic, portal_ice_cave_entry_pillars_1
D:14:     layout_roguey, lightli_vaults_fourway_checkpoint,
          grunt_decor_arrowhead, chequers_serial_rivers_room_a
D:15:     hangedman_depths_entry_civil_slaughter, layout_stronghold,
          nicolae_qazlal_eye_of_the_storm, uniq_agnes
Temple:   hellmonk_temple_divided_pantheon
Lair:1:   layout_regular_city, hangedman_tree_tricks
Lair:2:   layout_hall_layers, skrybe_swamp_entry_bodies,
          nicolae_snake_entry_squirm, enter_volcano_1, guppyfry_lair_drakes
Lair:3:   layout_roguey, minmay_holes
Lair:4:   dreamdust_isle_of_ice, layout_hall_layers, uniq_urug
Lair:5:   due_jungle_book, layout_gridlike, nicolae_slime_entry_slimehenge,
          basic_altar, grunt_megastairs_2
Swamp:1:  layout_falls_marsh, hangedman_swamp_ruin_wall,
          infiniplex_staircase_pool
Swamp:2:  layout_falls_marsh, evilmike_swamp_ruin_rubble_1
Swamp:3:  nzn_winding_woodlands_three_and_one
          [nzn_winding_woodlands_5x15_pathside_ponds,
          nzn_winding_woodlands_5x15_split_checker,
          nzn_winding_woodlands_5x15_river_crossing,
          nzn_winding_woodlands_center_triple_pond], layout_basic_swamp,
          serial_swamp_ruin, evilmike_swamp_ruin_rubble_2,
          evilmike_swamp_ruin_house_2, evilmike_swamp_ruin_wall, swamp_pool2,
          nicolae_swamp_super_fun_site, uniq_aizul
Swamp:4:  swamp_old_school, layout_basic_swamp, swamp_pool3,
          nicolae_swamp_feature_on_the_river_bank
Snake:1:  layout_misc_corridors
Snake:2:  layout_onion_interference, nicolae_snake_scaly_snakehead
Snake:3:  layout_basic, basic_altar, gammafunk_ghost_wrathful_warriors,
          drop_trap, nicolae_snake_lava_pool, lemuel_fruit_tree,
          serial_bayou_shore_b
Snake:4:  snake_pit, layout_rooms, grunt_megastairs_3
Orc:1:    layout_caves, basic_altar, minmay_orc_keep
Orc:2:    st_orc_rangers, layout_caves, nicolae_orc_pool_cavern,
          lemuel_statue_altar
Elf:1:    layout_geoelf_octagon, hangedman_elf_represent
Elf:2:    nicolae_elf_blades_splatter_lattice [mumra_blade_entry_bloodbath],
          layout_geoelf_diagonals, basic_altar, serial_shops,
          nicolae_stop_n_shop_1, chequers_big_river
Elf:3:    elf_hall_gauntlet_narrow, layout_geoelf_octagon

Skill      XL: |  1  2  3  4  5  6  7  8  9 10 11 12 13 14 15 16 17 18 19 |
---------------+----------------------------------------------------------+-----
Dodging        | 3 4 5 7 8 10 12 13 15 16 18 19 | 19.3
Spellcasting   | 3 5 8 9 |  9.9
Necromancy     | 4 5 6 8 9 10 11 12 13 | 13.3
Short Blades   | 1 2 3 4 6 7 9 |  9.9
Stealth        | 4 5 6 7 9 |  9.9
Fighting       | 1 3 5 6 7 9 10 11 12 | 12.9
Translocations | 2 3 4 |  4.4
Long Blades    | 3 5 7 9 11 12 13 | 13.6
Hexes          | 1 3 4 |  4.4
Invocations    | 2 5 8 9 10 11 12 | 12.1
Shields        | 2 5 |  5.5
Armour         | 3 |  3.3
Evocations     | 3 |  3.3
Earth Magic    | 1 |  1.1
Transmutations | 3 |  3.3

Action                     |  1- 3 |  4- 6 |  7- 9 | 10-12 | 13-15 | 16-18 | 19-21 || total
---------------------------+-------+-------+-------+-------+-------+-------+-------++-------
  Melee: Spear             |     1 |       |    23 |       |     2 |       |       ||    26
         Dagger            |       |     1 |   177 |   475 |   839 |   118 |     2 ||  1612
         Rapier            |       |       |    36 |       |       |       |       ||    36
         Punch             |       |       |     3 |    10 |    15 |       |       ||    28
         Long sword        |       |       |       |   134 |   622 |   925 |    20 ||  1701
         Staff             |       |       |       |     1 |       |       |       ||     1
         Short sword       |       |       |       |       |     3 |       |       ||     3
         Falchion          |       |       |       |       |       |    29 |    82 ||   111
   Fire: Sling             |    44 |    15 |       |       |       |       |       ||    59
  Throw: Dart              |       |     8 |    12 |     6 |    34 |    15 |     1 ||    76
         Boomerang         |       |       |     1 |    23 |     4 |       |       ||    28
         Throwing net      |       |       |       |       |       |     3 |       ||     3
   Cast: Necrotise         |    47 |    92 |   199 |    94 |    85 |     6 |       ||   523
         Vampiric Draining |       |       |     1 |    86 |   237 |   240 |     6 ||   570
         Animate Dead      |       |       |       |    13 |    19 |    21 |     2 ||    55
         Apportation       |       |       |       |     6 |     9 |    19 |     6 ||    40
         Blink             |       |       |       |     1 |     4 |     4 |     3 ||    12
         Lesser Beckoning  |       |       |       |     2 |    58 |   125 |     6 ||   191
         Confusing Touch   |       |       |       |       |    43 |       |       ||    43
         Dispel Undead     |       |       |       |       |    16 |    12 |       ||    28
         Borgnjor's Vile C |       |       |       |       |       |    18 |     9 ||    27
         Death Channel     |       |       |       |       |       |     5 |     4 ||     9
 Invoke: Slouch            |       |       |       |       |     1 |    13 |     4 ||    18
         Step From Time    |       |       |       |       |       |     2 |       ||     2
  Evoke: Wand              |       |       |    11 |    17 |    38 |    31 |     1 ||    98
         Box of beasts     |       |       |       |       |     1 |     2 |       ||     3
         Phantom mirror    |       |       |       |       |       |       |     1 ||     1
    Use: Scroll            |     3 |     3 |     3 |     9 |    25 |    24 |     1 ||    68
         Potion            |       |     1 |       |     1 |    14 |    14 |       ||    30
   Stab: Sleeping          |       |     1 |     8 |     7 |    13 |    19 |     1 ||    49
         Distracted        |       |       |     3 |     9 |    16 |    16 |     3 ||    47
         Invisible         |       |       |       |     5 |     3 |     1 |       ||     9
         Confused          |       |       |       |       |    51 |       |     1 ||    52
         Paralysed         |       |       |       |       |       |     5 |       ||     5
         Held in net/web   |       |       |       |       |       |     2 |       ||     2
 Armour: Robe              |       |     1 |    12 |     3 |       |       |       ||    16
         Steam dragon scal |       |       |       |    51 |    47 |       |       ||    98
         Skin              |       |       |       |       |    58 |       |       ||    58
         Troll leather arm |       |       |       |       |    32 |       |       ||    32
         Swamp dragon scal |       |       |       |       |       |    69 |    18 ||    87
  Dodge: Dodged            |     9 |    10 |   126 |   498 |  1670 |  1260 |   219 ||  3792
  Block: Other             |       |       |     7 |   109 |   211 |       |       ||   327
         Reflection        |       |       |     1 |     1 |    28 |    72 |       ||   102
         Buckler           |       |       |       |       |   474 |  1076 |   113 ||  1663

Table legend: (Time is in decaauts)
 A = Elapsed time spent in this place.
 B = Non-inter-level travel time spent in this place.
 C = Inter-level travel time spent in this place.
 D = Time resting spent in this place.
 E = Time spent auto-exploring this place.
 F = Levels seen in this place.
 G = Mean time per level.
                   A        B        C        D        E       F      G
               +--------+--------+--------+--------+--------+-----+--------+
         Total |  49454 |  45510 |   3944 |   7612 |  16735 |  35 | 1413.0 |
       Dungeon |  16924 |  15306 |   1618 |    768 |   8137 |  15 | 1128.3 |
        Temple |     29 |     25 |      4 |      0 |      0 |   1 |   29.0 |
          Lair |   9855 |   8830 |   1025 |   1792 |   2451 |   5 | 1971.0 |
         Swamp |   5396 |   5218 |    178 |    962 |   2271 |   4 | 1349.0 |
     Snake Pit |   7433 |   7236 |    197 |   2184 |   1972 |   4 | 1858.2 |
  Orcish Mines |   3718 |   3155 |    563 |    924 |    429 |   2 | 1859.0 |
   Elven Halls |   5226 |   4869 |    357 |    971 |   1474 |   3 | 1742.0 |
      Gauntlet |    870 |    870 |      0 |      9 |      0 |   1 |  870.0 |
               +--------+--------+--------+--------+--------+-----+--------+

Top non-repeatable levels by time:
 Snake:2: 3361 daAuts
  Lair:5: 2809 daAuts
   Elf:3: 2664 daAuts
   Orc:1: 2481 daAuts
  Lair:4: 2443 daAuts
 Swamp:3: 2426 daAuts
  Lair:2: 2020 daAuts
     D:8: 1824 daAuts
 Snake:3: 1580 daAuts
  Lair:3: 1562 daAuts
     D:9: 1484 daAuts
    D:15: 1480 daAuts
    D:13: 1446 daAuts
 Snake:1: 1422 daAuts
    D:14: 1401 daAuts
